General information
- name: BNet
- type: Ladder team game (AT/RT)
- host: Battle.net
- saver: darth_voldemort
map: MarketSquare
- players: 8
- length: 59:52
- speed: Fast
- version: 1.26 W3XP
- replay type: Public
» download(345 KB)
Players
team 1 (loser)
FYIders (
teal | 33 APM | 1939 actions | 59:16)
6 Death Knight
3 Death Coil
2 Unholy Aura
1 Animate Dead
5 Lich
3 Frost Nova
2 Frost Armor
» actions
| Assign group hotkey | 26 | |
| Basic commands | 224 | |
| Build / train | 91 | |
| ESC pressed | 2 | |
| Enter build submenu | 27 | |
| Enter hero's abilities submenu | 11 | |
| Give item / drop item | 7 | |
| Right click | 591 | |
| Select / deselect | 398 | |
| Select group hotkey | 458 | |
| Use ability | 104 | |
1939 total
» units
| Acolyte | 17 | |
| Ghoul | 4 | |
| Crypt Fiend | 14 | |
| Frost Wyrm | 5 | |
40 total
» upgrades
| Web | 1 | |
| Creature Attack | 2 | |
| Creature Carapace | 2 | |
| Freezing Breath | 1 | |
6 total
» buildings
| Crypt | 1 | |
| Graveyard | 1 | |
| Ziggurat | 14 | |
| Altar of Darkness | 2 | |
| Nerubian Tower | 1 | |
| Tomb of Relics | 1 | |
| Halls of the Dead | 2 | |
| Spirit Tower | 4 | |
| Black Citadel | 1 | |
| Sacrificial Pit | 1 | |
| Boneyard | 2 | |
| Necropolis | 1 | |
31 total
» build order
00:15 Crypt
00:21 Graveyard
00:35 Ziggurat
00:41 Ziggurat
01:14 Altar of Darkness
01:46 Nerubian Tower
02:31 Ziggurat
02:55 Tomb of Relics
04:26 Halls of the Dead
04:37 Spirit Tower
06:19 Ziggurat
06:21 Ziggurat
09:13 Spirit Tower
09:57 Ziggurat
10:40 Black Citadel
11:33 Ziggurat
13:38 Ziggurat
13:40 Spirit Tower
14:36 Ziggurat
14:42 Altar of Darkness
14:45 Ziggurat
14:49 Ziggurat
16:35 Sacrificial Pit
20:14 Boneyard
20:15 Boneyard
21:06 Ziggurat
21:07 Ziggurat
21:09 Ziggurat
22:21 Spirit Tower
26:51 Necropolis
31:13 Halls of the Dead
» items
| Rod of Necromancy | 1 | |
| Sacrificial Skull | 1 | |
| Dust of Appearance | 1 | |
| Scroll of Town Portal | 7 | |
| Boots of Speed | 2 | |
| Potion of Lesser Invulnerability | 6 | |
| Scroll of Healing | 2 | |
| Potion of Mana | 1 | |
| Potion of Healing | 1 | |
| Orb of Corruption | 1 | |
23 total

»
wimpdirt (
blue | 62 APM | 3549 actions | 56:54)
6 Archmage
3 Blizzard
2 Brilliance Aura
1 Mass Teleport
5 Mountain King
3 Storm Bolt
2 Bash
6 Blood Mage
3 Flame Strike
2 Siphon Mana
1 Summon Phoenix
» actions
| Assign group hotkey | 66 | |
| Basic commands | 296 | |
| Build / train | 113 | |
| ESC pressed | 1 | |
| Enter build submenu | 46 | |
| Enter hero's abilities submenu | 17 | |
| Give item / drop item | 8 | |
| Right click | 1325 | |
| Select / deselect | 587 | |
| Select group hotkey | 856 | |
| Use ability | 234 | |
3549 total
» units
| Peasant | 16 | |
| Spell Breaker | 2 | |
| Gryphon Rider | 10 | |
| Knight | 3 | |
| Priest | 1 | |
32 total
» upgrades
| Lumber Harvesting | 2 | |
| Magic Sentry | 1 | |
| Storm Hammers | 1 | |
| Swords | 3 | |
| Priest Training | 2 | |
| Animal War Training | 1 | |
| Masonry | 3 | |
| Armor | 3 | |
| Plating | 3 | |
| Gunpowder | 1 | |
| Sorceress Training | 1 | |
21 total
» buildings
| Altar of Kings | 3 | |
| Farm | 14 | |
| Lumber Mill | 1 | |
| Arcane Vault | 1 | |
| Town Hall | 3 | |
| Keep | 1 | |
| Scout Tower | 49 | |
| Arcane Tower | 3 | |
| Guard Tower | 12 | |
| Blacksmith | 1 | |
| Castle | 1 | |
| Arcane Sanctum | 1 | |
| Gryphon Aviary | 3 | |
| Barracks | 1 | |
94 total
» build order
00:11 Altar of Kings
00:15 Farm
01:02 Farm
01:49 Lumber Mill
01:56 Arcane Vault
02:12 Farm
03:55 Town Hall
04:25 Keep
04:41 Farm
04:45 Scout Tower
04:46 Scout Tower
04:46 Scout Tower
04:47 Scout Tower
04:53 Scout Tower
04:54 Scout Tower
04:55 Scout Tower
04:56 Scout Tower
05:46 Scout Tower
05:50 Arcane Tower
05:51 Guard Tower
05:51 Guard Tower
05:52 Guard Tower
06:27 Guard Tower
06:35 Blacksmith
07:45 Castle
07:58 Arcane Sanctum
08:24 Gryphon Aviary
10:02 Gryphon Aviary
10:05 Gryphon Aviary
11:38 Barracks
12:28 Farm
12:28 Farm
12:32 Farm
12:32 Farm
12:32 Farm
12:35 Farm
12:36 Farm
12:36 Farm
13:52 Farm
13:55 Farm
19:31 Town Hall
19:32 Scout Tower
19:32 Scout Tower
19:33 Scout Tower
19:35 Scout Tower
19:35 Scout Tower
19:35 Scout Tower
19:36 Scout Tower
19:37 Scout Tower
19:38 Scout Tower
19:39 Scout Tower
19:40 Scout Tower
19:40 Scout Tower
19:41 Scout Tower
19:41 Scout Tower
21:50 Guard Tower
21:55 Scout Tower
21:56 Scout Tower
21:59 Guard Tower
22:01 Guard Tower
22:58 Guard Tower
23:46 Guard Tower
24:57 Arcane Tower
28:05 Scout Tower
28:05 Scout Tower
28:07 Scout Tower
28:07 Scout Tower
28:07 Scout Tower
28:08 Scout Tower
28:08 Scout Tower
28:09 Scout Tower
28:09 Scout Tower
28:11 Scout Tower
28:11 Scout Tower
28:12 Scout Tower
28:12 Scout Tower
28:12 Scout Tower
28:14 Scout Tower
28:14 Scout Tower
30:27 Town Hall
33:28 Guard Tower
33:31 Guard Tower
33:39 Scout Tower
33:39 Scout Tower
33:39 Scout Tower
33:40 Scout Tower
33:40 Scout Tower
33:41 Scout Tower
33:41 Scout Tower
33:42 Scout Tower
38:30 Altar of Kings
38:31 Altar of Kings
38:52 Guard Tower
47:34 Arcane Tower
» items
| Scroll of Regeneration | 2 | |
| Lesser Clarity Potion | 1 | |
| Boots of Speed | 3 | |
| Circlet of Nobility | 3 | |
| Staff of Teleportation | 3 | |
| Staff of Sanctuary | 2 | |
| Periapt of Vitality | 2 | |
| Scroll of Town Portal | 6 | |
22 total

»
armadagedon (
purple | 32 APM | 1943 actions | 59:49)
10 Demon Hunter
3 Immolation
3 Mana Burn
1 Metamorphosis
3 Evasion
» actions
| Basic commands | 5 | |
| Build / train | 89 | |
| Enter build submenu | 15 | |
| Enter hero's abilities submenu | 10 | |
| Give item / drop item | 1 | |
| Remove unit from queue | 15 | |
| Right click | 1032 | |
| Select / deselect | 676 | |
| Use ability | 98 | |
1943 total
» units
» upgrades
| Strength of the Wild | 3 | |
| Reinforced Hides | 3 | |
| Corrosive Breath | 1 | |
| Defend | 0 | |
7 total
» buildings
| Altar of Elders | 1 | |
| Moon Well | 7 | |
| Ancient of War | 1 | |
| Ancient of Wonders | 1 | |
| Tree of Ages | 1 | |
| Hunter's Hall | 1 | |
| Ancient of Wind | 1 | |
| Tree of Eternity | 1 | |
| Chimaera Roost | 2 | |
| Tree of Life | 1 | |
17 total
» build order
00:08 Altar of Elders
00:15 Moon Well
00:56 Ancient of War
01:35 Moon Well
02:09 Ancient of Wonders
03:06 Moon Well
03:33 Moon Well
04:37 Tree of Ages
05:22 Hunter's Hall
05:25 Moon Well
07:11 Ancient of Wind
07:14 Tree of Eternity
10:05 Chimaera Roost
10:06 Chimaera Roost
10:15 Moon Well
10:15 Moon Well
25:56 Tree of Life
» items
| Scroll of Town Portal | 7 | |
| Orb of Venom | 1 | |
| Potion of Mana | 1 | |
| Potion of Healing | 1 | |
| Potion of Invisibility | 1 | |
| Potion of Lesser Invulnerability | 4 | |
15 total
r00t (
pink | 31 APM | 1762 actions | 56:15)
7 Demon Hunter
3 Evasion
3 Mana Burn
1 Metamorphosis
6 Dark Ranger
3 Silence
2 Life Drain
1 Charm
» actions
| Assign group hotkey | 25 | |
| Basic commands | 242 | |
| Build / train | 119 | |
| ESC pressed | 3 | |
| Enter build submenu | 26 | |
| Enter hero's abilities submenu | 13 | |
| Give item / drop item | 6 | |
| Right click | 435 | |
| Select / deselect | 455 | |
| Select group hotkey | 313 | |
| Use ability | 125 | |
1762 total
» units
| Wisp | 38 | |
| Archer | 6 | |
| Huntress | 2 | |
| Dryad | 9 | |
| Faerie Dragon | 5 | |
| Druid of the Talon | 4 | |
| Chimaera | 4 | |
| Hippogryph | 8 | |
76 total
» upgrades
| Ultravision | 1 | |
| Strength of the Wild | 3 | |
| Reinforced Hides | 3 | |
| Abolish Magic | 1 | |
| Nature's Blessing | 1 | |
| Well Spring | 1 | |
| Druid of the Talon Training | 2 | |
| Mark of the Talon | 1 | |
| Corrosive Breath | 1 | |
14 total
» buildings
| Altar of Elders | 1 | |
| Moon Well | 12 | |
| Ancient of War | 1 | |
| Ancient of Wonders | 1 | |
| Hunter's Hall | 1 | |
| Tree of Ages | 1 | |
| Ancient of Lore | 1 | |
| Ancient of Wind | 2 | |
| Tree of Life | 4 | |
| Tree of Eternity | 1 | |
| Chimaera Roost | 2 | |
| Ancient Protector | 2 | |
29 total
» build order
00:15 Altar of Elders
00:17 Moon Well
00:43 Ancient of War
02:02 Moon Well
02:03 Moon Well
03:04 Ancient of Wonders
03:46 Hunter's Hall
05:04 Tree of Ages
06:09 Moon Well
06:10 Moon Well
06:17 Moon Well
06:19 Moon Well
07:24 Moon Well
07:44 Ancient of Lore
07:47 Ancient of Wind
08:26 Tree of Life
10:22 Tree of Eternity
12:52 Chimaera Roost
12:53 Chimaera Roost
12:56 Moon Well
19:44 Moon Well
19:46 Moon Well
22:29 Ancient of Wind
23:51 Ancient Protector
23:53 Ancient Protector
30:13 Moon Well
30:45 Tree of Life
35:10 Tree of Life
36:25 Tree of Life
» items
| Scroll of Regeneration | 3 | |
| Moonstone | 2 | |
| Orb of Venom | 1 | |
| Scroll of Town Portal | 3 | |
| Potion of Healing | 1 | |
| Boots of Speed | 1 | |
| Potion of Lesser Invulnerability | 1 | |
12 total
team 2 (winner)
War_Dancer (
red | 34 APM | 604 actions | 17:54)
3 Shadow Hunter
2 Hex
1 Healing Wave
» actions
| Basic commands | 11 | |
| Build / train | 45 | |
| Enter build submenu | 18 | |
| Enter hero's abilities submenu | 4 | |
| Right click | 232 | |
| Select / deselect | 260 | |
| Use ability | 34 | |
604 total
» units
| Peon | 12 | |
| Troll Headhunter/Berserker | 21 | |
33 total
» upgrades
| Ranged Weapons | 1 | |
| Troll Regeneration | 1 | |
| Berserker Upgrade | 1 | |
| Witch Doctor Training | 2 | |
5 total
» buildings
| Altar of Storms | 1 | |
| Orc Burrow | 7 | |
| War Mill | 1 | |
| Barracks | 2 | |
| Stronghold | 1 | |
| Great Hall | 2 | |
| Watch Tower | 2 | |
| Voodoo Lounge | 1 | |
| Fortress | 1 | |
| Spirit Lodge | 1 | |
19 total
» build order
00:06 Altar of Storms
00:09 Orc Burrow
00:58 War Mill
01:28 Orc Burrow
01:42 Barracks
02:15 Orc Burrow
03:03 Barracks
04:01 Stronghold
04:54 Orc Burrow
06:25 Great Hall
06:46 Orc Burrow
07:07 Watch Tower
07:12 Voodoo Lounge
07:23 Fortress
09:40 Great Hall
09:59 Spirit Lodge
14:26 Watch Tower
14:29 Orc Burrow
15:10 Orc Burrow
» items

»
DeN[A]Li (
green | 86 APM | 3005 actions | 34:53)
5 Pit Lord
3 Cleaving Attack
2 Howl of Terror
3 Firelord
1 Soul Burn
2 Incinerate
» actions
| Assign group hotkey | 70 | |
| Basic commands | 411 | |
| Build / train | 115 | |
| ESC pressed | 14 | |
| Enter build submenu | 53 | |
| Enter hero's abilities submenu | 9 | |
| Give item / drop item | 2 | |
| Right click | 837 | |
| Select / deselect | 583 | |
| Select group hotkey | 742 | |
| Use ability | 169 | |
3005 total
» units
| Peasant | 29 | |
| Footman | 1 | |
| Rifleman | 11 | |
| Knight | 4 | |
| Priest | 2 | |
| Sorceress | 13 | |
| Siege Engine | 4 | |
64 total
» upgrades
| Swords | 4 | |
| Gunpowder | 3 | |
| Lumber Harvesting | 2 | |
| Long Rifles | 1 | |
| Priest Training | 2 | |
| Sorceress Training | 2 | |
| Masonry | 1 | |
| Magic Sentry | 1 | |
| Animal War Training | 1 | |
| Plating | 1 | |
| Armor | 2 | |
| Barrage | 1 | |
21 total
» buildings
| Altar of Kings | 1 | |
| Barracks | 5 | |
| Farm | 13 | |
| Blacksmith | 2 | |
| Lumber Mill | 1 | |
| Keep | 2 | |
| Town Hall | 5 | |
| Castle | 3 | |
| Arcane Sanctum | 2 | |
| Scout Tower | 10 | |
| Guard Tower | 4 | |
| Arcane Vault | 1 | |
| Arcane Tower | 2 | |
| Workshop | 2 | |
53 total
» build order
00:21 Altar of Kings
00:36 Barracks
00:50 Farm
01:28 Farm
01:55 Blacksmith
02:06 Lumber Mill
02:38 Farm
03:23 Keep
03:25 Farm
04:03 Farm
04:58 Town Hall
05:17 Farm
06:01 Castle
06:02 Castle
06:42 Arcane Sanctum
06:46 Arcane Sanctum
06:59 Scout Tower
07:58 Guard Tower
08:00 Scout Tower
08:01 Scout Tower
08:58 Arcane Vault
09:13 Guard Tower
09:14 Scout Tower
09:15 Scout Tower
09:55 Arcane Tower
09:57 Scout Tower
09:59 Scout Tower
10:09 Guard Tower
10:33 Arcane Tower
10:43 Scout Tower
10:44 Scout Tower
10:48 Scout Tower
10:53 Farm
11:31 Farm
12:14 Guard Tower
12:36 Barracks
12:38 Barracks
12:39 Barracks
12:49 Barracks
12:51 Blacksmith
14:28 Farm
16:20 Farm
16:57 Town Hall
17:49 Farm
17:51 Farm
17:52 Farm
19:50 Workshop
19:52 Workshop
20:49 Town Hall
22:27 Town Hall
23:57 Keep
26:28 Castle
27:42 Town Hall
» items
| Scroll of Regeneration | 3 | |
| Orb of Fire | 1 | |
| Periapt of Vitality | 1 | |
| Scroll of Town Portal | 4 | |
9 total
darth_voldemort (
orange | 80 APM | 4780 actions | 59:52)
8 Archmage
3 Blizzard
3 Brilliance Aura
1 Mass Teleport
1 Summon Water Elemental
6 Blood Mage
3 Flame Strike
2 Siphon Mana
1 Summon Phoenix
4 Pit Lord
2 Rain of Fire
2 Cleaving Attack
» actions
| Assign group hotkey | 114 | |
| Basic commands | 142 | |
| Build / train | 190 | |
| ESC pressed | 25 | |
| Enter build submenu | 46 | |
| Enter hero's abilities submenu | 18 | |
| Give item / drop item | 6 | |
| Right click | 1923 | |
| Select / deselect | 618 | |
| Select group hotkey | 1323 | |
| Use ability | 375 | |
4780 total
» units
| Peasant | 56 | |
| Sorceress | 1 | |
| Gryphon Rider | 7 | |
| Dragonhawk Rider | 10 | |
| Flying Machine | 5 | |
| Footman | 7 | |
86 total
» upgrades
| Lumber Harvesting | 2 | |
| Masonry | 3 | |
| Swords | 3 | |
| Armor | 3 | |
| Magic Sentry | 1 | |
| Sorceress Training | 2 | |
| Gunpowder | 3 | |
| Plating | 3 | |
| Storm Hammers | 1 | |
| Cloud | 1 | |
| Flak Cannons | 1 | |
| Flying Machine Bombs | 1 | |
24 total
» buildings
| Altar of Kings | 2 | |
| Farm | 20 | |
| Lumber Mill | 2 | |
| Town Hall | 4 | |
| Arcane Vault | 1 | |
| Scout Tower | 93 | |
| Keep | 2 | |
| Arcane Tower | 4 | |
| Castle | 3 | |
| Blacksmith | 1 | |
| Guard Tower | 14 | |
| Arcane Sanctum | 1 | |
| Gryphon Aviary | 10 | |
| Workshop | 6 | |
163 total
» build order
00:12 Altar of Kings
00:15 Farm
01:06 Farm
01:21 Lumber Mill
01:30 Farm
04:11 Town Hall
04:19 Arcane Vault
04:20 Scout Tower
04:22 Keep
04:34 Farm
04:53 Arcane Tower
05:03 Scout Tower
05:55 Arcane Tower
06:54 Castle
07:12 Blacksmith
07:15 Farm
07:17 Farm
08:03 Scout Tower
08:03 Scout Tower
08:04 Scout Tower
08:05 Scout Tower
08:06 Scout Tower
08:07 Scout Tower
08:08 Scout Tower
08:08 Scout Tower
08:22 Scout Tower
08:22 Scout Tower
08:23 Scout Tower
08:24 Scout Tower
08:24 Scout Tower
08:25 Scout Tower
08:26 Scout Tower
08:27 Scout Tower
09:12 Guard Tower
09:22 Guard Tower
09:54 Arcane Sanctum
10:12 Guard Tower
10:33 Arcane Tower
12:37 Gryphon Aviary
12:38 Gryphon Aviary
12:39 Gryphon Aviary
12:40 Gryphon Aviary
12:50 Farm
12:51 Farm
12:52 Farm
12:53 Farm
12:53 Farm
14:44 Scout Tower
14:44 Scout Tower
14:45 Scout Tower
14:46 Scout Tower
14:46 Scout Tower
14:47 Scout Tower
14:48 Scout Tower
14:48 Scout Tower
14:49 Scout Tower
14:50 Scout Tower
14:51 Scout Tower
14:52 Scout Tower
15:45 Guard Tower
16:22 Farm
16:22 Farm
18:17 Workshop
18:19 Workshop
19:14 Workshop
20:17 Workshop
20:18 Workshop
20:20 Workshop
27:37 Scout Tower
27:37 Scout Tower
27:38 Scout Tower
27:38 Scout Tower
27:38 Scout Tower
27:39 Scout Tower
27:41 Scout Tower
27:41 Scout Tower
27:41 Scout Tower
27:42 Scout Tower
27:42 Scout Tower
27:43 Scout Tower
27:43 Scout Tower
27:43 Scout Tower
27:43 Scout Tower
27:44 Scout Tower
27:44 Scout Tower
27:45 Scout Tower
27:45 Scout Tower
27:45 Scout Tower
27:46 Scout Tower
27:46 Scout Tower
28:34 Guard Tower
28:36 Town Hall
28:38 Scout Tower
28:38 Scout Tower
28:39 Scout Tower
28:39 Scout Tower
28:39 Scout Tower
28:40 Scout Tower
28:40 Scout Tower
28:40 Scout Tower
28:41 Scout Tower
28:42 Scout Tower
28:43 Guard Tower
28:59 Guard Tower
29:36 Guard Tower
33:07 Town Hall
33:10 Scout Tower
33:10 Scout Tower
33:11 Scout Tower
33:11 Scout Tower
33:39 Guard Tower
33:40 Guard Tower
34:56 Altar of Kings
35:53 Farm
37:36 Farm
37:39 Farm
37:39 Farm
37:39 Farm
39:23 Scout Tower
39:24 Scout Tower
39:25 Scout Tower
39:25 Scout Tower
39:26 Scout Tower
39:27 Scout Tower
39:27 Scout Tower
39:28 Scout Tower
39:29 Scout Tower
39:59 Lumber Mill
40:09 Arcane Tower
40:53 Guard Tower
40:55 Keep
41:46 Scout Tower
41:47 Scout Tower
41:47 Scout Tower
41:47 Scout Tower
41:47 Scout Tower
41:48 Scout Tower
41:48 Scout Tower
41:48 Scout Tower
41:49 Scout Tower
41:49 Scout Tower
41:49 Scout Tower
41:50 Scout Tower
41:50 Scout Tower
41:50 Scout Tower
41:51 Scout Tower
42:49 Guard Tower
42:59 Guard Tower
43:02 Town Hall
43:30 Castle
43:30 Castle
43:33 Guard Tower
45:40 Gryphon Aviary
45:41 Gryphon Aviary
45:41 Gryphon Aviary
45:42 Gryphon Aviary
45:43 Gryphon Aviary
45:47 Gryphon Aviary
47:45 Farm
47:45 Farm
» items
| Boots of Speed | 3 | |
| Staff of Teleportation | 3 | |
| Scroll of Healing | 2 | |
| Scroll of Town Portal | 15 | |
| Scroll of Regeneration | 4 | |
| Staff of Sanctuary | 2 | |
29 total
muchentuchenHD (
yellow | 21 APM | 973 actions | 46:24)
4 Mountain King
2 Storm Bolt
2 Thunder Clap
» actions
| Assign group hotkey | 2 | |
| Basic commands | 181 | |
| Build / train | 114 | |
| Enter build submenu | 24 | |
| Enter hero's abilities submenu | 4 | |
| Remove unit from queue | 1 | |
| Right click | 158 | |
| Select / deselect | 368 | |
| Use ability | 121 | |
973 total
» units
| Peasant | 17 | |
| Footman | 8 | |
| Gryphon Rider | 9 | |
| Knight | 10 | |
| Priest | 5 | |
| Siege Engine | 23 | |
72 total
» upgrades
| Defend | 1 | |
| Masonry | 2 | |
| Lumber Harvesting | 1 | |
| Swords | 3 | |
| Armor | 3 | |
| Plating | 5 | |
| Gunpowder | 3 | |
| Animal War Training | 1 | |
| Storm Hammers | 1 | |
| Priest Training | 2 | |
| Barrage | 1 | |
| Magic Sentry | 1 | |
24 total
» buildings
| Altar of Kings | 1 | |
| Farm | 11 | |
| Barracks | 1 | |
| Lumber Mill | 1 | |
| Scout Tower | 4 | |
| Guard Tower | 2 | |
| Arcane Tower | 2 | |
| Keep | 1 | |
| Arcane Vault | 1 | |
| Blacksmith | 1 | |
| Castle | 1 | |
| Gryphon Aviary | 1 | |
| Arcane Sanctum | 1 | |
| Workshop | 3 | |
| Town Hall | 1 | |
32 total
» build order
00:16 Altar of Kings
00:28 Farm
00:36 Barracks
00:53 Farm
01:11 Lumber Mill
01:44 Farm
02:14 Scout Tower
02:47 Farm
02:50 Guard Tower
03:28 Scout Tower
03:39 Farm
03:58 Arcane Tower
04:35 Keep
05:51 Arcane Vault
06:13 Blacksmith
06:56 Castle
07:18 Scout Tower
07:20 Scout Tower
07:49 Gryphon Aviary
09:58 Guard Tower
09:59 Arcane Tower
11:00 Arcane Sanctum
14:34 Farm
14:36 Farm
14:38 Farm
21:15 Workshop
21:25 Workshop
22:31 Workshop
22:40 Farm
22:43 Farm
22:46 Farm
35:52 Town Hall
» items
| Scroll of Regeneration | 2 | |
| Scroll of Town Portal | 3 | |
| Healing Salve | 1 | |
6 total
Chat log
(00:09 / Allies) DeN[A]Li: watch this fucking shit
(00:12 / Allies) DeN[A]Li: i will carry
(00:14 / Allies) DeN[A]Li: u fucking garbage noobs
(00:17 / Allies) War_Dancer: lol
(00:26 / Allies) War_Dancer: going hh
(00:30 / Allies) DeN[A]Li: ...................
(00:31 / Allies) DeN[A]Li: like i said
(00:32 / Allies) DeN[A]Li: ur garbage
(00:33 / Allies) DeN[A]Li: hh
(00:35 / Allies) DeN[A]Li: are u seirous
(00:45 / Allies) DeN[A]Li: get fucking melee
(02:34 / Allies) muchentuchenHD: lets harrass
(02:42 / Allies) darth_voldemort: lets rush the mid red
(02:46 / Allies) darth_voldemort: we can do it with level 1 heros
(02:47 / Allies) darth_voldemort: just micro
(02:53 / Allies) DeN[A]Li: ........................................
(02:59 / Allies) War_Dancer: na
(03:01 / Allies) DeN[A]Li: are u fucking stupid?
(03:03 / Allies) darth_voldemort: apprentice wizard 180 hp
(03:09 / Allies) darth_voldemort: youd have to be a nooby to not be able to micro that
(03:12 / Allies) DeN[A]Li: dude
(03:17 / Allies) DeN[A]Li: Shut the fuck up
(05:43 / Allies) DeN[A]Li: whos getting melee
(09:42 / 8) wimpdirt: lol
(10:25 / Allies) muchentuchenHD: orange, what units you going?
(10:39 / 8) wimpdirt: rofl
(10:42 / Allies) darth_voldemort: sphynx
(10:42 / 8) wimpdirt: rainy day
(10:47 / 5) darth_voldemort: do mid
(11:17 / 8) wimpdirt: whats better a pit lord third ora flamestriker third
(11:19 / 8) wimpdirt: i got a mk
(11:33 / 5) darth_voldemort: get mi ditem
(11:41 / Allies) muchentuchenHD: yous with expansions, share gold if you cant spend fast enough
(11:44 / Allies) DeN[A]Li: STEAL
(11:44 / Allies) DeN[A]Li: STEAL
(11:46 / Allies) DeN[A]Li: KEEP CLKLING
(11:48 / Allies) DeN[A]Li: KEEP CLICKING
(11:49 / Allies) DeN[A]Li: KEEP CLICKING
(11:55 / Allies) DeN[A]Li: UR FUCKING TERRIBLE
(11:55 / Allies) DeN[A]Li: OJ
(11:56 / Allies) DeN[A]Li: TRASH
(12:06 / Allies) DeN[A]Li: WHY THE FUCK DID U GET PITLORD..........
(12:59 / Allies) DeN[A]Li: TP
(12:59 / Allies) DeN[A]Li: TP
(13:07 / Allies) War_Dancer: hel;p?
(13:21 / Allies) DeN[A]Li: THIS IS WHY U DONT GETHH
(13:22 / Allies) DeN[A]Li: U FUCKING IDIOT
(13:24 / Allies) DeN[A]Li: IM GETRTING KNIGHTS
(13:25 / Allies) DeN[A]Li: HOLD ON
(13:28 / Allies) DeN[A]Li: MICRO UR UNITS......
(13:32 / Allies) DeN[A]Li: WHY ARE U SUICIDING THEM TO A DH
(13:39 / Allies) DeN[A]Li: LKUMBER
(13:40 / Allies) DeN[A]Li: NOW
(13:41 / Allies) DeN[A]Li: LUMBER1
(13:42 / Allies) DeN[A]Li: LIUBER
(13:44 / Allies) DeN[A]Li: LUMB
(13:56 / Allies) DeN[A]Li: GIVE ME WOOD
(14:05 / 5) darth_voldemort: teal just lost all his ziggs and his altar to aoe
(14:06 / 5) darth_voldemort: lol
(15:28 / Allies) War_Dancer: wanna save?
(15:49 / Allies) War_Dancer: green?
(16:39 / 5) darth_voldemort: don t bother my team
(16:41 / 5) darth_voldemort: theyare being raped
(17:10 / Allies) DeN[A]Li: WHY THE FUCK U KILLING MY SHIT FAGGOT
(17:21 / Allies) War_Dancer: cause u cant creep to win loser
(17:28 / Allies) DeN[A]Li: GO HEAD HUNTERS MORE
(17:28 / Allies) DeN[A]Li: DUDE
(17:31 / Allies) DeN[A]Li: GENIUS
(17:37 / Allies) muchentuchenHD: share gold orange
(18:16 / Allies) DeN[A]Li: MEET
(18:16 / Allies) DeN[A]Li: NOW
(18:38 / Allies) DeN[A]Li: TRAP THEM
(19:14 / 8) wimpdirt: u got a lotta idle wood ugys
(19:29 / Allies) darth_voldemort: for?
(19:33 / Allies) muchentuchenHD: share gold bros
(20:06 / Allies) DeN[A]Li: hEAL
(20:07 / 5) darth_voldemort: dont attack us
(20:08 / 5) darth_voldemort: we are weak
(20:10 / 5) darth_voldemort: were down a man
(20:12 / Allies) DeN[A]Li: NEED MORE AA
(20:16 / Allies) DeN[A]Li: DONT ATTACK
(20:32 / 8) wimpdirt: just trying to condense my radar signature
(20:54 / Allies) muchentuchenHD: i can get tanls going if you guys gold me
(21:41 / Allies) DeN[A]Li: HIT
(21:41 / Allies) DeN[A]Li: NOW
(21:42 / Allies) DeN[A]Li: MEET
(21:43 / Allies) DeN[A]Li: WE HAVE TO
(22:43 / 5) darth_voldemort: let them take out one base then kill some of their army
(23:28 / Allies) DeN[A]Li: B
(23:28 / Allies) DeN[A]Li: B
(23:29 / Allies) DeN[A]Li: B
(23:31 / 8) wimpdirt: they owned themselves
(23:32 / 8) wimpdirt: i did nothign
(24:20 / Allies) muchentuchenHD: gold tanks coming now
(26:20 / Allies) DeN[A]Li: Lumber me
(26:48 / Allies) DeN[A]Li: fucking wrms
(26:49 / Allies) DeN[A]Li: doint hit
(26:50 / Allies) DeN[A]Li: dont hit
(26:50 / Allies) DeN[A]Li: b
(26:51 / Allies) DeN[A]Li: b
(26:52 / Allies) DeN[A]Li: let it die
(26:54 / Allies) DeN[A]Li: omg..
(27:25 / Allies) DeN[A]Li: well those tanks are dead
(27:26 / 5) darth_voldemort: you might have to tk
(27:29 / 5) darth_voldemort: your team has 500 food tier 3
(27:41 / Allies) muchentuchenHD: ihave more. TP to me if they hit
(28:54 / Allies) DeN[A]Li: tanks coming form e to
(29:01 / Allies) muchentuchenHD: meet where?
(29:10 / Allies) DeN[A]Li: oj
(29:11 / Allies) DeN[A]Li: buy a tp now
(29:27 / 5) darth_voldemort: 300 food balanced 3/3 on your team
(29:49 / 5) darth_voldemort: my team 2 guys with 20 gold
(29:49 / Allies) DeN[A]Li: tp
(29:49 / Allies) DeN[A]Li: tp
(29:50 / Allies) DeN[A]Li: tp
(29:51 / 5) darth_voldemort: sayign theyre going tanks
(29:52 / 8) wimpdirt: make yellow use his tanks
(29:59 / Allies) muchentuchenHD: 5 seconds to herp
(30:01 / 5) darth_voldemort: yeah you have to tk
(30:01 / 5) darth_voldemort: now
(30:41 / Allies) DeN[A]Li: THE FUCK U DOING
(30:56 / Allies) DeN[A]Li: HIT
(31:19 / Allies) DeN[A]Li: yellow
(31:20 / Allies) DeN[A]Li: ur fuckin terrible
(31:32 / Allies) muchentuchenHD: pick a place to hit fuckers
(32:40 / Allies) DeN[A]Li: go
(33:09 / Allies) DeN[A]Li: oj pls
(34:05 / 5) darth_voldemort: did u tk?
(34:07 / All) FYIders: blue is top left
(34:09 / 8) wimpdirt: not hte units
(34:09 / All) FYIders: massing towers
(34:12 / 5) darth_voldemort: k
(35:07 / 5) darth_voldemort: im raped
(35:57 / 5) darth_voldemort: got enough towerS?
(37:18 / 5) darth_voldemort: i lost all
(41:58 / Allies) muchentuchenHD: green needs wood
(42:21 / Allies) muchentuchenHD: whats wrong with you cockinbreath?
(42:34 / Allies) darth_voldemort: blue and i are in cahoots
(42:40 / Allies) muchentuchenHD: what for?
(42:40 / Allies) darth_voldemort: its the only reason we arent exterminated yet
(42:44 / Allies) darth_voldemort: hes tking them
(42:53 / Allies) muchentuchenHD: heh
(43:03 / All) r00t: lol
(43:10 / All) darth_voldemort: the human alliance
(43:11 / All) darth_voldemort: has won the day
(43:17 / 8) wimpdirt: kill the dh
(43:20 / Allies) muchentuchenHD: then what?
(43:22 / All) darth_voldemort: every last orc, elf and undead has been cleansed
(43:25 / All) FYIders: :D
(43:26 / All) darth_voldemort: from the surface of newearth
(43:27 / Allies) muchentuchenHD: you gonna go blue vs. oprange along?
(43:32 / All) FYIders: hooray!
(44:15 / All) FYIders: lol
(44:18 / All) FYIders: stop running
(44:26 / All) FYIders: u cant escape
(44:33 / All) armadagedon: nubs
(44:42 / All) armadagedon: 'weaklings
(44:43 / All) darth_voldemort: there shall be no more war
(44:48 / All) darth_voldemort: war no, war never again
(44:54 / All) darth_voldemort: the age of peacecraft has begun
(44:59 / All) armadagedon: yeah big IF
(45:02 / All) armadagedon: son
(45:10 / 8) wimpdirt: whats that mean
(45:29 / All) armadagedon: whatch closely
(45:39 / All) armadagedon: 1 of you will atack eachother
(45:46 / All) FYIders: lol no they wont
(45:46 / All) armadagedon: power of hatred
(45:55 / All) FYIders: its peacecraft
(45:57 / Allies) muchentuchenHD: orange, i piss on your grave
(45:58 / All) wimpdirt: attacking has now been disabled
(46:02 / All) wimpdirt: games about violence are wrong
(46:05 / All) wimpdirt: violence is wrong
(46:11 / All) armadagedon: hipi
(46:11 / All) darth_voldemort: now we wont even have to get old and die
(46:12 / All) darth_voldemort: we can stay the same age forever
(46:12 / All) darth_voldemort: in pausecraft
(46:17 / All) darth_voldemort: pausecraft peacecraft
(46:18 / All) armadagedon: hahaha
(46:20 / All) armadagedon: ill never let you
(46:56 / 8) wimpdirt: can you have a tank move
(46:58 / 8) wimpdirt: and it wont barrage
(47:00 / All) armadagedon: hahahah
(47:02 / 5) darth_voldemort: yea
(47:10 / All) armadagedon: green is ataking lol
(47:14 / 8) wimpdirt: send more stuff mid
(47:20 / All) armadagedon: hes betrayed you!!
(47:26 / All) armadagedon: for peice
(47:34 / All) armadagedon: he stabs you in the back
(47:49 / 8) wimpdirt: whats the plan now
(47:55 / 5) darth_voldemort: idk
(47:59 / 5) darth_voldemort: im logged into lol now
(48:03 / 8) wimpdirt: me 2
(48:04 / 5) darth_voldemort: but i could never play it with this still running
(48:14 / 8) wimpdirt: well i have to go to the bathroom
(48:16 / 8) wimpdirt: so ill go do that
(48:16 / 5) darth_voldemort: k
(48:48 / All) FYIders: gonna sleep guys
(48:50 / All) FYIders: laters
(48:59 / All) darth_voldemort: sleepcraft
(49:12 / All) FYIders: gonna save this replay wen i wake up
(49:22 / All) FYIders: and see who leaves 1st
(49:25 / All) FYIders: :D
(49:28 / All) armadagedon: lol
(49:34 / All) armadagedon: 1 of them will lagg out
(49:37 / All) armadagedon: hahahahahaha
(49:42 / All) armadagedon: and i will laugh
(49:51 / All) armadagedon: mindless fools
(49:59 / All) armadagedon: blue
(50:06 / All) armadagedon: he will betreay you
(50:12 / All) armadagedon: you have gryphs
(50:17 / All) armadagedon: he has hawks
(50:21 / All) darth_voldemort: ;)
(50:47 / All) armadagedon: 1 of you will be dominant
(51:00 / All) armadagedon: 1 rise 1 will fall
(51:06 / All) darth_voldemort: my boy, this peace is what all true warriors strive for
(51:14 / 8) wimpdirt: lol
(51:17 / All) armadagedon: hahahahahaha
(51:19 / All) armadagedon: fool
(51:22 / All) wimpdirt: i wonder whats for dinner
(51:29 / All) armadagedon: there is no piece
(51:31 / All) armadagedon: lol
(51:36 / All) darth_voldemort: squadelah! we are off!
(51:45 / All) armadagedon: look at the world
(52:00 / All) armadagedon: there is only hatred and violence
(52:34 / All) armadagedon: seee
(52:38 / All) armadagedon: violence
(52:41 / All) armadagedon: hahahahaha
(52:52 / All) armadagedon: hahahahhaha
(52:54 / 8) wimpdirt: dont make me lose vision
(52:54 / All) darth_voldemort: lol
(52:57 / All) armadagedon: i win
(53:03 / 8) wimpdirt: too fast
(53:04 / All) armadagedon: there is only hatred
(53:18 / All) armadagedon: pool blue
(53:34 / All) armadagedon: now he pays for his arrogance
(53:41 / All) armadagedon: with blood
(53:58 / 8) wimpdirt: u got no allies left
(54:11 / All) darth_voldemort: i wion
(54:28 / All) armadagedon: now then
(54:40 / 5) darth_voldemort: kill all ur unit producers
(54:41 / All) armadagedon: make the traitor pay for his arogance
(54:48 / 5) darth_voldemort: then leave
(55:15 / All) armadagedon: lol blue
(55:23 / All) armadagedon: denying everything
(55:25 / All) armadagedon: lol
(56:23 / All) armadagedon: penies to a fool
(56:37 / All) wimpdirt: too many birds flew over mine kingdome
(56:43 / All) wimpdirt: no wonder thou wert victorious
(56:46 / All) wimpdirt: I shalt abdicate
(56:51 / 5) darth_voldemort: now leave
(56:59 / All) darth_voldemort: victory is mine
(57:07 / All) armadagedon: ok
(57:17 / All) armadagedon: that guy is a narb